 Dungeon Sprint DCSS version 0.31-a0-981-geadf994542 (webtiles) character file.

Game seed: 16516749956189313922

1421 sircluck the Grappler (level 8, -5/93 HPs)
             Began as a Troll Berserker on Nov 1, 2023.
             Was a Priest of Trog.
             Slain by a ghost moth (17 damage)
             ... in the Dungeon (Sprint VII: "The Pits").
             The game lasted 00:01:19 (341 turns).

sircluck the Grappler (Troll Berserker)              Turns: 341, Time: 00:01:19

Health: -5/93      AC:  4    Str: 28      XL:     8   Next: 44%
Magic:  0/7        EV: 12    Int:  3      God:    Trog [***...]
Gold:   0          SH:  0    Dex:  8 (9)  Spells: 7/7 levels left

rFire   . .          .
                       - Unarmed
rCold   . . .        (no shield)
rNeg    . . .        a - +0 animal skin
rPois   .            (helmet restricted)
rElec   .            (no cloak)
rCorr   .            (gloves unavailable)
SInv    .            (boots unavailable)
Will    .....        (no amulet)
Stlth   +            (no ring)
HPRegen 1.15/turn    (no ring)
MPRegen 0.10/turn

%: no teleportation
@: on berserk cooldown
A: large, unfitting armour, claws 3, regeneration 1, shaggy fur 1, tough skin 1
a: Renounce Religion, Berserk, Trog's Hand


You were in the Dungeon.
You worshipped Trog.
Trog was most pleased with you.
You visited 1 branch

Inventory:

Armour
 a - a +0 animal skin (worn)
Wands
 h - a wand of acid (10)
Scrolls
 g - a scroll of blinking
Potions
 b - a potion of curing
 d - a potion of haste
 e - 2 potions of magic
 f - a potion of berserk rage


   Skills:
 + Level 9.7 Fighting
 + Level 9.6 Dodging
 + Level 11.3 Unarmed Combat


You had 7 spell levels left.
You didn't know any spells.
Your spell library was empty.

Dungeon Overview and Level Annotations

Branches:
Dungeon (1/1)

Altars:


Innate Abilities, Weirdness & Mutations

You are too large for most types of armour.
You have claws for hands.
Your natural rate of healing is unusually fast.
You are covered in fur. (AC +1)
You have tough skin. (AC +1)


Message History

You have reached level 8!
Unknown command.
Items here: )) [[ †.
Unknown command.
Okay, then.
You start resting.
You feel a strong urge to attack something.
You start resting.
You are no longer berserk.
You are exhausted.
You feel yourself slow down.
You start resting.
You feel yourself speed up.
You start resting.
You feel you are being watched by something.
You feel your power leaking away.
You feel you are being watched by something.
You feel you are being watched by something.
You start resting.
You feel you are being watched by something.
You feel you are being watched by something.
Something hits you.
Deactivating autopickup; reactivate with Ctrl-A.
Something hits you! Something stings you.
You start resting.
Something hits you! x2; Something stings you!
You closely miss something.
You feel you are being watched by something.
Something hits you! Something hits you.
You feel clumsy. Something stings you!
* * * LOW HITPOINT WARNING * * *
Unknown command.
You barely miss something. Something hits you!
* * * LOW HITPOINT WARNING * * *
Something hits you but does no damage. Something stings you.
* * * LOW HITPOINT WARNING * * *
Unknown command.
Unknown command.
You scratch something. Something hits you!
You die...

#++#################
#...................
#..@................
#.)##############++#
#..# #..# ##### #..#
##..# #..# ##..#
#..# ''..# #..#
''..##########..#


There were no monsters in sight!

Vanquished Creatures
  A death knight (D)
  A guardian serpent (D)
  Psyche (D)
  A ynoxinul (D)
  A small abomination (D)
  A mummy (D)
  A worm (D)
7 creatures vanquished.

Notes
Turn   | Place    | Note
-------+----------+-------------------------------------------
     0 | D        | sircluck the Troll Berserker began the quest for the Orb.
     0 | D        | Reached XP level 1. HP: 22/22 MP: 0/0
    53 | D        | Reached skill level 4 in Unarmed Combat
    53 | D        | Reached XP level 2. HP: 28/31 MP: 1/1
    61 | D        | Noticed a ynoxinul
    81 | D        | Killed a ynoxinul
    82 | D        | Reached skill level 5 in Fighting
    82 | D        | Reached skill level 5 in Dodging
    82 | D        | Reached skill level 6 in Unarmed Combat
    82 | D        | Reached XP level 3. HP: 16/42 MP: 2/2
    82 | D        | Reached XP level 4. HP: 19/50 MP: 3/3
    82 | D        | Reached XP level 5. HP: 23/58 MP: 4/4
   138 | D        | Noticed a guardian serpent
   138 | D        | Noticed a small abomination
   142 | D        | Killed a small abomination
   142 | D        | Reached ** piety under Trog
   143 | D        | Reached skill level 7 in Unarmed Combat
   150 | D        | Killed a guardian serpent
   151 | D        | Reached skill level 9 in Unarmed Combat
   151 | D        | Reached XP level 6. HP: 32/72 MP: 5/5
   151 | D        | Reached XP level 7. HP: 36/80 MP: 6/6
   206 | D        | Noticed Psyche
   215 | D        | Killed Psyche
   215 | D        | Reached *** piety under Trog
   216 | D        | Reached skill level 10 in Unarmed Combat
   269 | D        | Noticed a death knight
   304 | D        | Killed a death knight
   305 | D        | Reached skill level 11 in Unarmed Combat
   305 | D        | Reached XP level 8. HP: 64/93 MP: 7/7
   341 | D        | Slain by a ghost moth

Illustrated notes

Levels and vault maps discovered:
D:        pitsprint [storerooms_1, entrance_room_1, metal_vault_1, armoury_2,
          mini_pit_1, grid_room_1, main_hall_1, silver_pit, the_coven_3,
          the_vestibule_1, steel_vault_2, golden_pit, hallway_of_sentries,
          crystal_vault_2, iron_vault_2, final_vault]

Skill      XL: |  1  2  3  4  5  6  7 |
---------------+----------------------+-----
Fighting       | 3 5 8 9 |  9.7
Dodging        | 3 5 7 9 |  9.6
Unarmed Combat | 4 6 9 11 | 11.3

Action                     |  1- 3 |  4- 6 |  7- 9 || total
---------------------------+-------+-------+-------++-------
  Melee: Unarmed           |    23 |     9 |    17 ||    49
         Punch             |       |       |     1 ||     1
 Invoke: Berserk           |     1 |     1 |     1 ||     3
    Use: Potion            |       |       |     1 ||     1
 Armour: Animal skin       |    35 |     4 |    18 ||    57
  Dodge: Dodged            |    50 |     1 |     3 ||    54

Table legend: (Time is in decaauts)
 A = Elapsed time spent in this place.
 B = Non-inter-level travel time spent in this place.
 C = Inter-level travel time spent in this place.
 D = Time resting spent in this place.
 E = Time spent auto-exploring this place.
 F = Levels seen in this place.
 G = Mean time per level.
                   A        B        C        D        E       F      G
               +--------+--------+--------+--------+--------+-----+--------+
         Total |    371 |    371 |      0 |    205 |      0 |   1 |  371.0 |
       Dungeon |    371 |    371 |      0 |    205 |      0 |   1 |  371.0 |
               +--------+--------+--------+--------+--------+-----+--------+

Top non-repeatable levels by time:
       D: 371 daAuts
